 Dungeon Crawl Stone Soup version 0.30.0-29-ga12c61a403 (webtiles) character file.

Game seed: 8584312878166518009

4578 LynnLen the Covert (level 10, -5/44 HPs)
             Began as a Spriggan Enchanter on June 9, 2023.
             Was a Priest of Dithmenos.
             Killed from afar by a gargoyle (32 damage)
             ... with a stone arrow
             ... on level 8 of the Dungeon.
             The game lasted 00:31:06 (9604 turns).

LynnLen the Covert (Spriggan Enchanter)             Turns: 9604, Time: 00:31:06

Health: -5/44      AC: 11    Str:  4    XL:     10   Next: 18%
Magic:  23/23      EV: 15    Int: 21    God:    Dithmenos [***...]
Gold:   544        SH:  0    Dex: 16    Spells: 17/26 levels left

rFire   + . .        b - +4 short sword (speed)
rCold   . . .        (no shield)
rNeg    . . .        B - +2 acid dragon scales
rPois   +            (helmet restricted)
rElec   .            r - +2 cloak
rCorr   +            (gloves unavailable)
SInv    +            (boots unavailable)
Will    +....        (no amulet)
Stlth   +++++++      s - ring of protection from fire
HPRegen 0.27/turn    w - ring of poison resistance
MPRegen 0.18/turn

%: no passive effects
@: wreathed by umbra, invisible, very quick
A: very small, no large weapons, unfitting armour, see invisible, speed 3
a: Renounce Religion, Shadow Step


You were on level 8 of the Dungeon.
You worshipped Dithmenos.
Dithmenos was most pleased with you.
You visited 1 branch of the dungeon, and saw 8 of its levels.

You collected 574 gold pieces.
You spent 30 gold pieces at shops.

Inventory:

Hand Weapons
 b - a +4 short sword of speed (weapon)
 f - the +6 shillelagh "Devastator" {shatter}
   (You found it on level 8 of the Dungeon)
 t - the +1 whip "Akyclocw" {holy, rF+ Int+3 Dex+2}
   (You found it on level 4 of the Dungeon)

   Int:       It affects your intelligence (+3).
   Dex:       It affects your dexterity (+2).
   rF:        It protects you from fire.
Missiles
 a - 12 poisoned darts (quivered)
 v - 2 throwing nets
Armour
 j - a +2 robe of cold resistance
 r - a +2 cloak (worn)
 y - +0 steam dragon scales
 B - +2 acid dragon scales (worn)
Jewellery
 s - a ring of protection from fire (left hand)
 w - a ring of poison resistance (right hand)
 A - a ring of protection from fire
Wands
 p - a wand of roots (16)
Scrolls
 d - 5 scrolls of teleportation
 e - a scroll of identify
 h - a scroll of immolation
 l - a scroll of enchant armour {unknown}
 x - a scroll of blinking {unknown}
Potions
 g - 10 potions of curing
 i - 3 potions of resistance
 k - a potion of cancellation
 m - 3 potions of might
 n - 2 potions of lignification {unknown}
 o - 5 potions of mutation
 q - a potion of haste {unknown}
 u - 2 potions of attraction {unknown}
 z - a potion of heal wounds {unknown}
 C - a potion of degeneration {unknown}


   Skills:
 - Level 1.1 Short Blades
 - Level 2.6 Dodging
 + Level 12.4 Stealth
 + Level 8.9 Spellcasting
 + Level 9.3 Hexes
 * Level 5.5 Invocations
 * Level 7.2 Evocations


You had 17 spell levels left.
You knew the following spells:

 Your Spells              Type           Power      Damage    Failure   Level
a - Ensorcelled Hibernat  Hex/Ice        58%        N/A       3%          2
b - Confusing Touch       Hex            48%        N/A       1%          3
c - Tukima's Dance        Hex            48%        N/A       1%          3
d - Magic Dart            Conj           36%        1d4       19%         1

Your spell library contained the following spells:

 Spells                   Type           Power      Damage    Failure   Level
 Slow                     Hex            100%       N/A       1%          1
 Dazzling Flash           Conj/Hex       58%        N/A       8%          3
 Kiss of Death            Conj/Necr      36%        2d8       19%         1
 Shock                    Conj/Air       36%        1d5       19%         1
 Sting                    Tmut/Pois      36%        1d4       19%         1
 Call Imp                 Summ           18%        N/A       26%         2
 Momentum Strike          Conj/Tloc      18%        3d8       26%         2
 Anguish                  Hex/Necr       14%        N/A       26%         4
 Mephitic Cloud           Conj/Pois/Air  9%         N/A       47%         3
 Spider Form              Tmut/Pois      9%         N/A       47%         3
 Vampiric Draining        Necr           9%         2d6       47%         3


Dungeon Overview and Level Annotations

Branches:
Dungeon (8/15)             Temple (0/1) D:4
   Lair: D:8-11

Altars:
Ashenzari
Cheibriados
Dithmenos
Kikubaaqudgha
Okawaru
Ru
Uskayaw
Vehumet

Shops:
D:5 ?   D:6 *   D:8 :


Innate Abilities, Weirdness & Mutations

You are very small and have problems with some larger weapons.
You are too small for most types of armour.
You have supernaturally acute eyesight. (SInv)
You cover ground extremely quickly. (Speed+++)


Message History

Unknown command.
You open the door.
There is an open door here.
There is an open door here.
Press: ? - help, v - describe, . - travel
Here: a gargoyle (wandering, hasn't noticed you)
The floor.
Okay, then.
Okay, then.
You fade into invisibility!
There is an open door here.
You completely miss the gargoyle.
The gargoyle hurls a stone arrow at you.
The stone arrow misses you.
You barely miss the gargoyle.
You catch the helpless gargoyle completely off-guard!
You puncture the gargoyle!
The gargoyle is heavily damaged.
The gargoyle barely misses you.
You hit the gargoyle but do no damage.
The gargoyle is heavily damaged.
The gargoyle barely misses you.
You barely miss the gargoyle.
The gargoyle is heavily damaged.
You hit the gargoyle but do no damage.
The gargoyle is heavily damaged.
The gargoyle hits you!
You hit the gargoyle but do no damage.
The gargoyle is heavily damaged.
The gargoyle hits you!
You hit the gargoyle.
The gargoyle is severely damaged.
You hit the gargoyle.
The gargoyle is severely damaged.
You barely miss the gargoyle.
The gargoyle is severely damaged.
The gargoyle hurls a stone arrow at you.
The stone arrow hits you!!
Ouch! That really hurt!
You die...

#.....#..#.............#.
#.....#..+.............#.
#.....##.#.............#.
#....#'###'######'####.
#....#<..#..^......#...
#....'...'.........#...
#....##.####'###.....##
....#########....#####...
... #...@...#....# #... .
+....9..'....# #...
#.......#....# #...
#########....# #...
###### ####


You could see a gargoyle (unable to see you).

Vanquished Creatures
  2 two-headed ogres (D:8)
  A cyclops (D:8)
  Maggie (D:8)
  Sigmund (D:5)
  Eustachio (D:5)
  A dancing weapon (D:8)
  A steam dragon (D:7)
  An orc warrior (D:7)
  A black bear (D:5)
  2 ice beasts
  2 phantoms (D:6)
  A kobold brigand (D:6)
  3 bullfrogs
  Blork the orc (D:4)
  2 scorpions
  A wight (D:8)
  6 killer bees (D:8)
  4 hounds
  2 orc priests
  A gnoll bouda (D:3)
  3 jellies
  2 sleepcaps
  Jessica (D:3)
  2 iguanas
  An orc wizard (D:5)
  9 gnolls
  5 adders
  2 shadow imps
  2 white imps (D:6)
  2 ufetubi
  4 worms
  3 dart slugs
  16 orcs
  6 endoplasms
  3 giant cockroaches
  10 goblins
  9 hobgoblins
  6 jackals
  11 kobolds
  2 quokkas (D:3)
  6 ball pythons
  5 bats
  4 frilled lizards
  7 rats
156 creatures vanquished.

Vanquished Creatures (collateral kills)
  A gnoll sergeant (D:6)
  4 wights (D:8)
  6 gnolls
  A shadow imp (D:7)
  2 orcs (D:7)
  A hobgoblin (D:4)
15 creatures vanquished.

Vanquished Creatures (others)
  7 dancing weapons
7 creatures vanquished.

Grand Total: 178 creatures vanquished

Notes
Turn   | Place    | Note
-------+----------+-------------------------------------------
     0 | D:1      | LynnLen the Spriggan Enchanter began the quest for the Orb.
     0 | D:1      | Reached XP level 1. HP: 9/9 MP: 5/5
   340 | D:1      | Reached XP level 2. HP: 7/13 MP: 6/6
   350 | D:1      | Learned a level 2 spell: Ensorcelled Hibernation
   476 | D:1      | Reached skill level 5 in Stealth
   797 | D:1      | Reached XP level 3. HP: 15/16 MP: 1/8
   816 | D:1      | Learned a level 3 spell: Confusing Touch
   820 | D:1      | Learned a level 3 spell: Tukima's Dance
  1696 | D:2      | Reached skill level 6 in Stealth
  2250 | D:3      | Reached XP level 4. HP: 21/21 MP: 9/9
  2330 | D:3      | Learned a level 1 spell: Magic Dart
  2405 | D:3      | Noticed Jessica
  2409 | D:3      | Killed Jessica
  2568 | D:3      | Found an iron altar of Okawaru.
  2785 | D:3      | Found a snail-covered altar of Cheibriados.
  2785 | D:3      | Found a shadowy altar of Dithmenos.
  2813 | D:3      | Became a worshipper of Dithmenos the Shadowed
  2977 | D:3      | Reached skill level 7 in Stealth
  2977 | D:3      | Reached XP level 5. HP: 22/24 MP: 4/11
  3450 | D:4      | Reached skill level 1 in Evocations
  3630 | D:4      | Reached skill level 5 in Hexes
  3702 | D:4      | Reached skill level 1 in Invocations
  3806 | D:4      | Reached XP level 6. HP: 28/28 MP: 10/13
  3965 | D:4      | Got the Elucidation of the Toxic Discharge
  4004 | D:4      | Found a staircase to the Ecumenical Temple.
  4046 | D:4      | Reached * piety under Dithmenos
  4062 | D:4      | Identified the +1 whip "Akyclocw" {holy, rF+ Int+3 Dex+2}
  4224 | D:4      | Reached skill level 8 in Stealth
  4348 | D:5      | Entered Level 5 of the Dungeon
  4373 | D:5      | Noticed an ice beast
  4474 | D:4      | Killed an ice beast
  4679 | D:5      | Noticed Blork the orc
  4724 | D:4      | Killed Blork the orc
  4725 | D:4      | Reached XP level 7. HP: 26/32 MP: 6/15
  4877 | D:5      | Noticed Eustachio
  4906 | D:5      | Killed Eustachio
  4907 | D:5      | Reached skill level 5 in Spellcasting
  5055 | D:5      | Found Hutethre's Magic Scroll Boutique.
  5133 | D:5      | Reached skill level 9 in Stealth
  5317 | D:5      | Found a broken altar of Ashenzari.
  5484 | D:5      | Noticed Sigmund
  5491 | D:5      | Killed Sigmund
  5492 | D:5      | Reached XP level 8. HP: 36/36 MP: 17/17
  5777 | D:6      | Found Piomucwu's General Store.
  5787 | D:6      | Reached ** piety under Dithmenos
  5789 | D:6      | Bought a scroll of identify for 30 gold pieces
  5863 | D:6      | Found a radiant altar of Vehumet.
  5890 | D:6      | Reached skill level 10 in Stealth
  6806 | D:7      | Found a hide-covered altar of Uskayaw.
  6865 | D:7      | Reached skill level 5 in Evocations
  7428 | D:7      | Found a sacrificial altar of Ru.
  7633 | D:7      | Reached XP level 9. HP: 39/39 MP: 20/20
  7741 | D:7      | Found an ancient bone altar of Kikubaaqudgha.
  8277 | D:8      | Reached skill level 11 in Stealth
  8412 | D:8      | Noticed Maggie
  8439 | D:8      | Killed Maggie
  8724 | D:8      | Reached *** piety under Dithmenos
  8897 | D:8      | Found Sodd's Book Emporium.
  9081 | D:8      | Noticed a gargoyle
  9087 | D:8      | Found the +6 shillelagh "Devastator" {shatter}
  9094 | D:8      | Noticed a cyclops
  9316 | D:8      | Noticed a two-headed ogre
  9337 | D:8      | Killed a two-headed ogre
  9338 | D:8      | Reached skill level 12 in Stealth
  9338 | D:8      | Reached skill level 5 in Invocations
  9341 | D:8      | Noticed a two-headed ogre
  9377 | D:8      | Killed a two-headed ogre
  9378 | D:8      | Reached XP level 10. HP: 44/44 MP: 13/23
  9535 | D:8      | Killed a cyclops
  9604 | D:8      | Killed from afar by a gargoyle

Illustrated notes

Levels and vault maps discovered:
D:1:      dpeg_arrival_brainrot, layout_basic, amcnicky_mini_corridor_feature
D:2:      layout_basic, grunt_decor_arrowhead
D:3:      layout_loops_ring, okawaru_ov_weapons_minmay,
          gammafunk_temple_overflow_pools, uniq_jessica
D:4:      layout_rooms, minmay_temple_entry_proselytizer
D:5:      layout_rooms, nicolae_overflow_hidden_temple, serial_shops,
          kennysheep_mini_moat, uniq_sigmund, uniq_blork_the_orc, uniq_eustachio
D:6:      layout_basic, mainiacjoe_overflow_concentric_impassable, serial_shops,
          shop
D:7:      layout_basic, general_overflow_altar, nicolae_ru_the_path_less_chosen,
          overflow_temple_1_default
D:8:      layout_gridville, serial_shops, shop, minmay_misc_feat_tiny,
          ebering_dispersal_statue_hall, dilly_guarded_unrand_devastator,
          uniq_maggie

Skill      XL: |  1  2  3  4  5  6  7  8  9 |
---------------+----------------------------+-----
Hexes          | 4 5 6 7 9 |  9.3
Stealth        | 5 6 7 8 9 10 12 | 12.4
Spellcasting   | 3 4 5 7 8 |  8.9
Evocations     | 1 2 4 5 7 |  7.2
Invocations    | 1 2 3 4 5 |  5.5
Short Blades   | |  1.1
Dodging        | |  2.6

Action                     |  1- 3 |  4- 6 |  7- 9 | 10-12 || total
---------------------------+-------+-------+-------+-------++-------
  Melee: Dagger            |    54 |       |       |       ||    54
         Short sword       |    56 |    98 |   265 |    12 ||   431
         Punch             |     1 |     2 |     4 |       ||     7
         Whip              |       |    22 |    13 |       ||    35
  Throw: Dart              |       |     6 |       |       ||     6
   Cast: Ensorcelled Hiber |    15 |    38 |    35 |     3 ||    91
         Tukima's Dance    |       |     3 |    37 |       ||    40
         Magic Dart        |       |     8 |       |       ||     8
         Confusing Touch   |       |     2 |    13 |       ||    15
    Use: Scroll            |     3 |     3 |     4 |       ||    10
         Potion            |       |       |     1 |     1 ||     2
   Stab: Sleeping          |    21 |    24 |    35 |     2 ||    82
         Confused          |       |     1 |    14 |       ||    15
         Invisible         |       |       |     2 |     1 ||     3
 Armour: Robe              |     7 |     9 |    25 |       ||    41
         Steam dragon scal |       |       |     1 |       ||     1
         Acid dragon scale |       |       |     1 |       ||     1
  Dodge: Dodged            |    51 |    88 |   164 |     5 ||   308
